 Dungeon Crawl Stone Soup version 0.31-a0-167-g1c394c0614 (webtiles) character file.

Game seed: 1112512938045398592

558 qw the Shooter (level 7, -1/61 (64) HPs)
             Began as a Naga Hunter on June 14, 2023.
             Slain by a gnoll
             ... wielding a +0 spear
              (9 damage)
             ... on level 4 of the Dungeon.
             The game lasted 00:01:27 (3264 turns).

qw the Shooter (Naga Hunter)                        Turns: 3264, Time: 00:01:27

HP:   -1/61 (64)    AC:  5    Str: 13    XL:     7   Next: 31%
MP:   7/7           EV: 10    Int:  9    God:
Gold: 230           SH:  0    Dex: 17    Spells: 6/6 levels left

rFire   . . .        h - +1 shortbow (heavy)
rCold   . . .        (shield currently unavailable)
rNeg    . . .        c - +0 leather armour
rPois   +            g - +1 helmet
rElec   .            (no cloak)
rCorr   .            (no gloves)
SInv    +            (no barding)
Will    +....        (no amulet)
Stlth   ++           d - ring of willpower
HPRegen 0.30/turn    (no ring)
MPRegen 0.10/turn

%: no passive effects
@: about to teleport, short of breath, lightly drained, very slow
A: AC +2, large, see invisible, deformed body, poison resistance, slowness 2,
spit poison 1, naga tail 1
a: Spit Poison


You were on level 4 of the Dungeon.
You visited 1 branch of the dungeon, and saw 4 of its levels.
You also visited: Ossuary.

You collected 230 gold pieces.


Innate Abilities, Weirdness & Mutations

Your serpentine skin is tough. (AC +2)
You have supernaturally acute eyesight. (SInv)
Armour fits poorly on your strangely shaped body.
Your system is resistant to poisons. (rPois)
You cover ground very slowly.
You can spit poison.
You have a snake-like lower body.


   Skills:
 - Level 4.0 Fighting
 + Level 7.0 Ranged Weapons
 - Level 2.0 Dodging
 - Level 1.5 Stealth


You had 6 spell levels left.
You didn't know any spells.
Your spell library was empty.

Inventory:

Hand Weapons
 h - a +1 heavy shortbow (weapon)
Armour
 c - a +0 leather armour (worn)
 g - a +1 helmet (worn)
Jewellery
 d - a ring of willpower (left hand)
Scrolls
 a - a scroll of fog {unknown}
 f - a scroll of identify
Potions
 b - a potion of haste
 e - a potion of curing
 i - a potion of mutation {unknown}
 k - a potion of attraction {unknown}
 l - a potion of heal wounds {unknown}

Dungeon Overview and Level Annotations

Branches:
Dungeon (4/15)            Ossuary (visited)
 Temple: D:4-7

Altars:


Message History

The gnoll misses you.
The gnoll throws a throwing net.
The throwing net hits you.
You become entangled in the net!
You tear a large gash into the net.
The gnoll hits you with a +0 whip.
The gnoll hits you from afar with a +0 spear.
You struggle against the net.
The gnoll hits you with a +2 flail of draining.
You feel drained. The gnoll hits you with a +0 whip.
The gnoll hits you but does no damage.
You shred the net and break free!
The gnoll hits you with a +2 flail of draining!
You feel drained. The gnoll hits you with a +0 whip.
The gnoll hits you from afar with a +0 spear.
You shoot an arrow. The arrow hits the gnoll!
You kill the gnoll!
You have got your breath back.
The gnoll closely misses you. The gnoll hits you with a +0 whip.
The gnoll misses you. The gnoll hits you but does no damage.
Your Ranged Weapons skill increases to level 7!
3261 ||| INVOKING Spit Poison.
Aiming: Spit Poison (1% risk of failure)
Press: ? - help, Shift-Dir - straight line, f - gnoll You fail to use your ability.
The gnoll hits you with a +0 whip.
The gnoll hits you from afar with a +0 spear.
3262 ||| READING scroll of teleportation.
As you read the scroll of teleportation, it crumbles to dust.
You feel strangely unstable. The gnoll closely misses you.
The gnoll hits you from afar with a +0 spear.
3263 ||| INVOKING Spit Poison.
Aiming: Spit Poison (1% risk of failure)
Press: ? - help, Shift-Dir - straight line, f/p - gnoll The splash of poison hits the gnoll!
The gnoll is poisoned.
The gnoll is severely wounded.
The gnoll hits you but does no damage. The gnoll barely misses you.
You shoot an arrow. The arrow hits the gnoll!
You kill the gnoll!
The gnoll hits you from afar with a +0 spear!
You die...

#...#.............#.
#...+......##'#####.
#...#......#........
####'#......#........
#......###+##........
#......# #.....##.
#......# ##+#### .
#......# . #...@).#
####)### g.. .....
###+ #...... +...
#...##.. #... #####
... #... ... #...
#...


You could see a gnoll.

Vanquished Creatures
  A phantom (D:4)
  2 centaur zombies (Ossuary)
  A hound (D:4)
  A human zombie (Ossuary)
  An orc wizard (D:3)
  3 ogre zombies (Ossuary)
  7 mummies (Ossuary)
  2 gnolls (D:4)
  5 adders
  6 adder zombies (Ossuary)
  8 dart slugs
  5 orcs (D:3)
  6 endoplasms
  3 giant cockroaches
  9 goblins
  7 hobgoblins
  2 jackals (D:4)
  7 kobolds
  4 quokkas
  4 ball pythons
  7 bats
  2 frilled lizards (D:1)
  2 goblin zombies
  5 hobgoblin zombies (Ossuary)
  5 kobold zombies (Ossuary)
  An orc zombie (Ossuary)
  4 quokka zombies (Ossuary)
  7 rats
  3 rat zombies
120 creatures vanquished.

Notes
Turn   | Place    | Note
-------+----------+-------------------------------------------
     0 | D:1      | qw the Naga Hunter began the quest for the Orb.
     0 | D:1      | Reached XP level 1. HP: 19/19 MP: 1/1
     0 | D:1      | 0 ||| qw: Version: 0.2-a-29-g1fa15c8
     0 | D:1      | 0 ||| qw: Game counter: 5015
     0 | D:1      | 0 ||| qw: Always use a shield: true
     0 | D:1      | 0 ||| qw: God list: Okawaru
     0 | D:1      | 0 ||| qw: Allow faded altars: false
     0 | D:1      | 0 ||| qw: Do Orc after D:15 true
     0 | D:1      | 0 ||| qw: Do second Lair branch before Depths: true
     0 | D:1      | 0 ||| qw: Lair rune preference: random
     0 | D:1      | 0 ||| qw: Plans: Normal
     0 | D:1      | 0 ||| PLANNING D:1-11
     9 | D:1      | 9 ||| INVOKING Spit Poison.
    27 | D:1      | 27 ||| INVOKING Spit Poison.
    34 | D:1      | 34 ||| INVOKING Spit Poison.
    52 | D:1      | 52 ||| INVOKING Spit Poison.
    53 | D:1      | 53 ||| INVOKING Spit Poison.
    55 | D:1      | Reached skill level 4 in Ranged Weapons
    55 | D:1      | Reached XP level 2. HP: 26/26 MP: 2/2
    72 | D:1      | 72 ||| INVOKING Spit Poison.
   110 | D:1      | 110 ||| INVOKING Spit Poison.
   140 | D:1      | 140 ||| INVOKING Spit Poison.
   144 | D:1      | 144 ||| INVOKING Spit Poison.
   164 | D:1      | 164 ||| INVOKING Spit Poison.
   170 | D:1      | 170 ||| INVOKING Spit Poison.
   171 | D:1      | Reached XP level 3. HP: 28/32 MP: 3/3
   173 | D:1      | 173 ||| INVOKING Spit Poison.
   178 | D:1      | 178 ||| INVOKING Spit Poison.
   216 | D:1      | 216 ||| INVOKING Spit Poison.
   237 | D:1      | 237 ||| INVOKING Spit Poison.
   250 | D:1      | 250 ||| INVOKING Spit Poison.
   253 | D:1      | 253 ||| INVOKING Spit Poison.
   290 | D:1      | 290 ||| INVOKING Spit Poison.
   294 | D:1      | 294 ||| INVOKING Spit Poison.
   375 | D:1      | 375 ||| INVOKING Spit Poison.
   477 | D:1      | 477 ||| READING 2 scrolls labelled QIMERIAGAG.
   478 | D:1      | 478 ||| READING scroll labelled HEULINW NEBBIK.
   479 | D:1      | 479 ||| READING scroll labelled QIROTZEQUO.
   480 | D:1      | 480 ||| READING scroll labelled ZEINAE MIFAUGG.
   481 | D:1      | 481 ||| DRINKING 2 murky black potions.
   537 | D:1      | 537 ||| DRINKING 2 bubbling coppery potions.
   538 | D:1      | 538 ||| DROPPING scroll of fear.
   539 | D:1      | 539 ||| DROPPING scroll of butterflies.
   540 | D:1      | 540 ||| DROPPING potion of lignification.
   541 | D:1      | 541 ||| DROPPING potion of magic.
   561 | D:2      | 561 ||| INVOKING Spit Poison.
   652 | D:2      | 652 ||| INVOKING Spit Poison.
   720 | D:2      | 720 ||| INVOKING Spit Poison.
   728 | D:2      | 728 ||| STAIRDANCE
   830 | D:2      | 830 ||| INVOKING Spit Poison.
   831 | D:2      | Reached skill level 5 in Ranged Weapons
   831 | D:2      | Reached XP level 4. HP: 39/39 MP: 4/4
   849 | D:2      | 849 ||| INVOKING Spit Poison.
   854 | D:2      | 854 ||| INVOKING Spit Poison.
   988 | D:2      | 988 ||| INVOKING Spit Poison.
  1120 | D:2      | 1120 ||| INVOKING Spit Poison.
  1331 | D:2      | 1331 ||| UPGRADING to +1 helmet.
  1336 | D:2      | 1336 ||| READING scroll labelled JEZI HEDGHI.
  1337 | D:2      | 1337 ||| READING scroll labelled ORELEO DOSH.
  1410 | D:2      | 1410 ||| READING scroll labelled MYQULI EZIRO.
  1411 | D:2      | 1411 ||| DRINKING 2 murky coppery potions.
  1412 | D:2      | 1412 ||| READING 2 scrolls of identify.
  1412 | D:2      | 1412 ||| IDENTIFYING bubbling black potion
  1413 | D:2      | 1413 ||| DROPPING potion of berserk rage.
  1414 | D:2      | 1414 ||| DROPPING potion of enlightenment.
  1458 | D:3      | 1458 ||| INVOKING Spit Poison.
  1473 | D:3      | 1473 ||| INVOKING Spit Poison.
  1523 | D:3      | 1523 ||| INVOKING Spit Poison.
  1539 | D:3      | 1539 ||| INVOKING Spit Poison.
  1543 | D:3      | 1543 ||| INVOKING Spit Poison.
  1584 | D:3      | 1584 ||| INVOKING Spit Poison.
  1670 | D:3      | 1670 ||| INVOKING Spit Poison.
  1672 | D:3      | Reached skill level 3 in Fighting
  1698 | D:3      | 1698 ||| INVOKING Spit Poison.
  1708 | D:3      | 1708 ||| INVOKING Spit Poison.
  1714 | D:3      | 1714 ||| INVOKING Spit Poison.
  1719 | D:3      | 1719 ||| INVOKING Spit Poison.
  1722 | D:3      | 1722 ||| INVOKING Spit Poison.
  1901 | D:3      | 1901 ||| INVOKING Spit Poison.
  1907 | D:3      | Reached XP level 5. HP: 46/49 MP: 5/5
  1907 | D:3      | 1907 ||| INVOKING Spit Poison.
  1914 | D:3      | 1914 ||| INVOKING Spit Poison.
  2092 | D:3      | 2092 ||| UPGRADING to ring of willpower.
  2093 | D:3      | 2093 ||| READING 2 scrolls of identify.
  2093 | D:3      | 2093 ||| IDENTIFYING viscous blue potion
  2094 | D:3      | 2094 ||| DROPPING potion of brilliance.
  2098 | D:4      | 2098 ||| PLANNING OSSUARY
  2123 | D:4      | 2123 ||| INVOKING Spit Poison.
  2126 | D:4      | 2126 ||| INVOKING Spit Poison.
  2143 | D:4      | 2143 ||| INVOKING Spit Poison.
  2160 | D:4      | 2160 ||| INVOKING Spit Poison.
  2238 | D:4      | 2238 ||| INVOKING Spit Poison.
  2284 | D:4      | Found a sand-covered staircase.
  2285 | D:4      | 2285 ||| READING scroll labelled ROPSIR ZEMONYE.
  2286 | D:4      | 2286 ||| READING 3 scrolls labelled NOXU HISCHEOL.
  2287 | D:4      | 2287 ||| READING scroll labelled PUM ZAGHUC.
  2288 | D:4      | 2288 ||| DROPPING 2 scrolls of vulnerability.
  2300 | Ossuary  | Entered an ossuary
  2324 | Ossuary  | Reached skill level 6 in Ranged Weapons
  2324 | Ossuary  | Reached XP level 6. HP: 56/56 MP: 6/6
  2840 | Ossuary  | Reached XP level 7. HP: 44/64 MP: 7/7
  2955 | Ossuary  | 2955 ||| READING 2 scrolls labelled IGULAESCHYT.
  2958 | Ossuary  | 2958 ||| READING 4 scrolls of identify.
  2958 | Ossuary  | 2958 ||| IDENTIFYING coppery potion
  2959 | Ossuary  | 2959 ||| READING 3 scrolls of identify.
  2959 | Ossuary  | 2959 ||| IDENTIFYING sedimented brown potion
  2960 | Ossuary  | 2960 ||| READING 2 scrolls of identify.
  2960 | Ossuary  | 2960 ||| IDENTIFYING bubbling red potion
  2961 | Ossuary  | 2961 ||| DROPPING potion of invisibility.
  2971 | D:4      | 2971 ||| PLANNING D:1-11
  2993 | D:4      | 2993 ||| INVOKING Spit Poison.
  3059 | D:4      | 3059 ||| INVOKING Spit Poison.
  3094 | D:4      | 3094 ||| INVOKING Spit Poison.
  3219 | D:4      | 3219 ||| INVOKING Spit Poison.
  3251 | D:4      | 3251 ||| INVOKING Spit Poison.
  3255 | D:4      | 3255 ||| INVOKING Spit Poison.
  3261 | D:4      | Reached skill level 7 in Ranged Weapons
  3261 | D:4      | 3261 ||| INVOKING Spit Poison.
  3261 | D:4      | HP: 14/61 [gnoll/+0 whip (2)]
  3262 | D:4      | 3262 ||| READING scroll of teleportation.
  3263 | D:4      | 3263 ||| INVOKING Spit Poison.
  3264 | D:4      | Slain by a gnoll

Levels and vault maps discovered:
D:1:      spicycebolla_arrival_ecumenical, layout_rooms,
          corexii_leaking_fountain, minmay_small_reverse_x
D:2:      layout_basic, serial_corexii_hall, corexii_hall_statues_x,
          chequers_hall_statues_corner_a
D:3:      layout_rooms
D:4:      layout_gridville, gammafunk_temple_overflow_elements, enter_ossuary_4

Skill      XL: |  1  2  3  4  5  6  7 |
---------------+----------------------+-----
Ranged Weapons | 4 5 6 7 |  7.0
Fighting       | 3 4 |  4.0
Dodging        | 2 |  2.0
Stealth        | |  1.5

Action                     |  1- 3 |  4- 6 |  7- 9 || total
---------------------------+-------+-------+-------++-------
   Fire: Shortbow          |    66 |   186 |    22 ||   274
Ability: Spit Poison       |    23 |    24 |     7 ||    54
    Use: Scroll            |     4 |     8 |     5 ||    17
         Potion            |     2 |     1 |       ||     3
 Armour: Leather armour    |     3 |    55 |     6 ||    64
  Dodge: Dodged            |    12 |    59 |    17 ||    88

Table legend:
 A = Non-vault XP
 B = Vault XP
 C = Vault XP percentage of total XP
 D = Non-vault monster count
 E = Vault monster count
 F = Vault count percentage of total count
                 A         B        C        D         E       F
            +---------+---------+-------+---------+---------+-------
      Total |     414 |     399 |  49.1 |      77 |      43 |  35.8
            +---------+---------+-------+---------+---------+-------
        D:1 |      52 |      10 |  16.1 |      27 |       4 |  12.9
        D:2 |      41 |       0 |   0.0 |      10 |       0 |   0.0
        D:3 |     117 |       0 |   0.0 |      24 |       0 |   0.0
        D:4 |     204 |       2 |   1.0 |      16 |       2 |  11.1
    Ossuary |       0 |     387 | 100.0 |       0 |      37 | 100.0
            +---------+---------+-------+---------+---------+-------
